Map: Ruins of Seras

Players

Yodoe

  • Race: Zerg Zerg

DrennoC - Winner!

  • Race: Terran Terran

VOD

Have the link to the VOD?

Description

Time

  • Played on: April 3, 2015, 2:40 p.m.
  • Length: 9:17
Show
View Real Time Build Order
Export as new Build Order

Yodoe Zerg 

Build Orders: Pool First 

Get SALT Encoding   

  12  0:02  Drone  
  13  0:16  Drone  
  13  0:17  Overlord  
  14  0:35  Drone x2  
  16  0:46  Drone  
  17  0:53  Spawning Pool  
  16  0:59  Drone  
  17  1:12  Drone  
  18  1:26  Hatchery, Overlord  
  18  1:27  Drone  
  18  1:31  Extractor  
  17  1:43  Queen  
  17  1:44  Zergling x2  
  17  1:45  Zergling x2  
  21  1:58  Drone  
  22  2:12  Drone  
  23  2:19  Drone  
  24  2:24  Queen  
  26  2:31  Roach Warren  
  26  2:34  Drone  
  26  2:37  Queen  
  28  2:45  Drone x2  
  30  2:59  Zergling x2  
  31  3:19  Extractor  
  30  3:20  Lair  
  30  3:26  Drone x5  
  35  3:37  Metabolic Boost  
  35  3:43  Evolution Chamber  
  34  3:50  Drone x2  
  35  4:13  Overlord x2  
  35  4:16  Zerg Ground Armor Level 1  
  35  4:18  Glial Reconstitution  
  35  4:21  Drone  
  35  4:23  Extractor  
  35  4:24  Extractor  
  34  4:34  Drone x3  
  34  4:36  Drone x2  
  38  4:54  Drone x7  
  38  4:55  Overlord x2  
  38  4:59  Roach x3  
  51  5:34  Drone x4  
  55  5:42  Overseer  
  55  5:47  Roach x4  
  63  5:52  Drone x2  
  63  5:53  Drone  
  61  6:04  Zergling x6  
  61  6:05  Zergling x2  
  61  6:08  Ravager  
  61  6:09  Ravager x2  
  68  6:21  Spire  
  67  6:26  Zergling x2  
  67  6:28  Overlord x3  
  63  7:23  Overseer  
  63  7:33  Mutalisk  
  63  7:34  Mutalisk x7  
  78  8:15  Hatchery  
  77  8:31  Mutalisk  
  77  8:32  Roach x2  
Show
View Real Time Build Order
Export as new Build Order

DrennoC Terran - Winner!

Build Orders: MMM Bio 

Get SALT Encoding   

  12  0:01  SCV  
  13  0:13  SCV  
  14  0:23  Supply Depot  
  14  0:25  SCV  
  15  0:38  Refinery  
  15  0:44  SCV  
  15  0:47  Barracks  
  16  0:56  SCV  
  17  1:08  SCV  
  18  1:16  Barracks  
  18  1:21  SCV  
  19  1:35  Orbital Command  
  19  1:36  Marine  
  20  1:52  Supply Depot  
  20  2:11  Command Center  
  20  2:13  Marine  
  21  2:17  Marine  
  22  2:26  Factory  
  22  2:30  SCV  
  22  2:35  Marine  
  24  2:47  SCV  
  25  2:56  Barracks Tech Lab  
  25  2:59  SCV  
  26  3:06  Barracks Tech Lab  
  26  3:08  Barracks Tech Lab  
  26  3:09  Supply Depot  
  26  3:12  Barracks Reactor  
  26  3:14  SCV  
  26  3:24  Hellion, Starport  
  26  3:26  SCV, Orbital Command  
  29  3:31  Stimpack  
  29  3:37  Bunker  
  29  3:41  Marine  
  30  3:49  Supply Depot  
  30  3:50  SCV  
  31  3:59  Marine  
  31  4:00  Marauder, Marine  
  31  4:02  SCV  
  36  4:13  SCV  
  36  4:14  SCV  
  38  4:19  Medivac  
  38  4:24  Widow Mine  
  40  4:28  SCV x2  
  44  4:31  Refinery  
  44  4:35  Marine x2  
  44  4:36  Marauder  
  48  4:40  SCV x2  
  50  4:52  SCV  
  51  4:58  SCV  
  51  4:59  Engineering Bay x2  
  52  5:00  Marine x2  
  52  5:04  SCV  
  55  5:09  Barracks  
  55  5:10  SCV  
  56  5:16  SCV  
  56  5:20  Marine  
  56  5:21  Marine  
  58  5:23  SCV  
  58  5:26  Medivac  
  62  5:29  Refinery, Barracks  
  62  5:30  Barracks  
  62  5:46  Supply Depot  
  62  5:47  Supply Depot  
  62  5:49  Supply Depot  
  62  5:50  Supply Depot  
  62  5:57  Combat Shields  
  62  6:07  SCV x2, Marine x4  
  68  6:23  Marine x2  
  68  6:25  Marine  
  71  6:26  Marine x2  
  71  6:27  Marauder  
  71  6:28  Command Center, Starport Reactor  
  75  6:33  Terran Infantry Weapons Level 1  
  75  6:34  Terran Infantry Armor Level 1  
  75  6:38  SCV  
  77  6:53  Marine x2  
  77  6:54  Marauder, Marine  
  83  6:55  Barracks Reactor  
  83  6:56  Barracks Reactor  
  83  6:58  SCV  
  83  6:59  SCV  
  83  7:11  Marine x3  
  83  7:15  Marauder, Medivac  
  89  7:20  SCV x2  
  91  7:27  Armory  
  91  7:28  Marine  
  91  7:29  Marine  
  93  7:32  SCV  
  94  7:40  SCV, Marauder  
  94  7:42  Supply Depot  
  94  7:43  Supply Depot  
  96  7:44  SCV  
  96  7:47  Marine x2  
  96  7:48  Marine x5  
  103  7:52  SCV  
  104  7:58  SCV  
  104  8:00  Medivac  
  104  8:01  Medivac  
  104  8:04  SCV, Marauder  
  104  8:05  Marine  
  113  8:11  Supply Depot  
  113  8:12  Marine x2  
  109  8:13  Marine x2  
  111  8:22  Missile Turret x2  
  111  8:25  Marauder  
  113  8:33  Medivac x2  
  117  8:35  Supply Depot  
  117  8:41  Marine x6  
  118  8:42  Marine  
  118  8:47  Marauder  
  108  8:58  Supply Depot, Marine  
  108  8:59  Marine x6  
  112  9:08  Barracks  
  112  9:09  Barracks  
  113  9:13  Barracks  
Tags
 
Composition
MMM Bio
Matchup
TvZ
Opening
Pool First
Player
DrennoC
Add a new tag
Caveats
  • Supply blocks, unpowered buildings, or Contaminate may cause inaccurate times.
  • Supply counts are checked every 10 seconds.